 Dungeon Crawl Stone Soup version 0.31.0-11-ge490571c62 (webtiles) character file.

Game seed: 4845710494230833467

65 qw the Shooter (level 3, 0/20 HPs)
             Began as a Deep Elf Hunter on Feb 4, 2024.
             Succumbed to their own poison gas
             ... on level 2 of the Dungeon.
             The game lasted 00:00:04 (1391 turns).

qw the Shooter (Deep Elf Hunter)                    Turns: 1391, Time: 00:00:05

Health: 0/20       AC:  6    Str: 10    XL:     3   Next: 94%
Magic:  5/5        EV: 12    Int: 13    God:
Gold:   131        SH:  0    Dex: 18    Spells: 2/2 levels left

rFire   . . .        a - +2 shortbow
rCold   . . .        (shield currently unavailable)
rNeg    . . .        c - +0 leather armour
rPois   .            (no helmet)
rElec   .            (no cloak)
rCorr   .            (no gloves)
SInv    .            g - +2 pair of boots
Will    .....        (no amulet)
Stlth   ++           (no ring)
HPRegen 0.23/turn    (no ring)
MPRegen 0.09/turn

%: no passive effects
@: lethally poisoned (0 -> -3)
A: no striking features
a: no special abilities


You were on level 2 of the Dungeon.
You visited 1 branch of the dungeon, and saw 2 of its levels.

You collected 131 gold pieces.


   Skills:
 - Level 1.5 Fighting
 + Level 7.4 Ranged Weapons
 - Level 2.4 Dodging
 - Level 1.2 Stealth


You had 2 spell levels left.
You didn't know any spells.
Your spell library was empty.

Inventory:

Hand Weapons
 a - a +2 shortbow (weapon)
Armour
 c - a +0 leather armour (worn)
 g - a +2 pair of boots (worn)
Potions
 d - a potion of curing {unknown}
 e - a potion of heal wounds {unknown}
 h - a potion of lignification {unknown}

Dungeon Overview and Level Annotations

Branches:
Dungeon (2/15)

Altars:


Message History

As you read the scroll labelled IMNOHO VIGIGH, it crumbles to dust.
It was a scroll of poison.
Done exploring.
1383 ||| DROPPING potion of brilliance.
You drop a potion of brilliance.
Done exploring.
1384 ||| DROPPING scroll of poison.
You drop a scroll of poison.
Done exploring.
What level of the Dungeon? (default 2, ? - help) Sorry, I don't know how to get there.
Enter note:
Enter note:
Enter note:
Enter note:
Enter note:
Enter note:
Enter note:
Enter note:
Enter note:
Enter note:
Enter note:
Enter note:
Enter note:
Enter note:
Enter note: You are engulfed in poison gas.
You are poisoned.
You feel very sick.
1386 ||| Stepping ~*~*~tactically~*~*~ (cloud).
You feel very sick.
Things that are here:
a scroll of poison; a potion of brilliance
There is a lethal amount of poison in your body!
You feel sick.
There is a lethal amount of poison in your body!
You feel sick.
There is a lethal amount of poison in your body!
You feel sick.
There is a lethal amount of poison in your body!
You feel sick.
There is a lethal amount of poison in your body!
You die...

#...#######
##############...#
##############...#####
##############.......#
##############.#..##.###
##############..........
################........
################...#...#
#¤¤¤¤¤0@¤0¤¤0¤0.........
###########0##0.........
###########.#####..#.#..
###########.####.....###
###########.####.#####
###########......#
##################
###############


There were no monsters in sight!

Vanquished Creatures
  2 adders (D:2)
  A dart slug (D:1)
  4 bats
  An endoplasm (D:1)
  A giant cockroach (D:2)
  2 goblins (D:1)
  3 hobgoblins
  6 jackals
  3 quokkas
  7 ball pythons (D:1)
  2 frilled lizards
  7 kobolds
  3 rats (D:1)
42 creatures vanquished.

Notes
Turn   | Place    | Note
-------+----------+-------------------------------------------
     0 | D:1      | qw the Deep Elf Hunter began the quest for the Orb.
     0 | D:1      | Reached XP level 1. HP: 12/12 MP: 3/3
     0 | D:1      | 0 ||| qw: Version: 0.3-a-160-g6735b56
     0 | D:1      | 0 ||| qw: Game counter: 4631
     0 | D:1      | 0 ||| qw: Melee chars always use a shield: true
     0 | D:1      | 0 ||| qw: God list: Okawaru
     0 | D:1      | 0 ||| qw: Allow faded altars: false
     0 | D:1      | 0 ||| qw: Do Orc after clearing Dungeon:15 true
     0 | D:1      | 0 ||| qw: Do second Lair branch before Depths: true
     0 | D:1      | 0 ||| qw: Lair rune preference: random
     0 | D:1      | 0 ||| qw: Goals: Normal
     0 | D:1      | 0 ||| PLANNING D:1-11
   118 | D:1      | Reached XP level 2. HP: 16/16 MP: 4/4
   139 | D:1      | Reached skill level 6 in Ranged Weapons
   579 | D:1      | 579 ||| DROPPING ring of flight.
   580 | D:1      | 580 ||| READING scroll labelled ROISCH OQACLUO.
   580 | D:1      | 580 ||| ENCHANTING +0 shortbow.
   581 | D:1      | 581 ||| READING scroll labelled FAAG EWKYGOS.
   581 | D:1      | 581 ||| ENCHANTING +1 shortbow.
   582 | D:1      | 582 ||| READING scroll labelled USUCOH FETINLA.
   583 | D:1      | 583 ||| DROPPING scroll of butterflies.
   587 | D:1      | Reached XP level 3. HP: 20/20 MP: 5/5
   666 | D:2      | Identified the +2 whip of the Holding Dove {freeze, Will+
                  | Stlth+}
   691 | D:2      | 691 ||| READING scroll of enchant weapon.
   691 | D:2      | 691 ||| ENCHANTING +1 shortbow.
   718 | D:2      | Reached skill level 7 in Ranged Weapons
  1374 | D:2      | 1374 ||| UPGRADING to +2 pair of boots.
  1379 | D:2      | 1379 ||| READING scroll labelled SAEPPI IDITOI.
  1380 | D:2      | 1380 ||| READING scroll labelled XOSAHO COOV.
  1381 | D:2      | 1381 ||| READING scroll labelled HUABACZ GUDY.
  1381 | D:2      | 1381 ||| IDENTIFYING pink potion
  1382 | D:2      | 1382 ||| READING 2 scrolls labelled IMNOHO VIGIGH.
  1383 | D:2      | 1383 ||| DROPPING potion of brilliance.
  1384 | D:2      | 1384 ||| DROPPING scroll of poison.
  1386 | D:2      | 1386 ||| Stepping ~*~*~tactically~*~*~ (cloud).
  1387 | D:2      | HP: 5/20 [poisoned by you (poison gas)]
  1389 | D:2      | HP: 1/20 [poisoned by you (poison gas)]
  1391 | D:2      | Succumbed to their own poison gas

Levels and vault maps discovered:
D:1:      amcnicky_arrival_double_pillar, layout_loops_ring,
          reono_crystal_passage
D:2:      layout_basic

Skill      XL: |  1  2  3 |
---------------+----------+-----
Ranged Weapons | 6 7 |  7.4
Fighting       | |  1.5
Dodging        | |  2.4
Stealth        | |  1.2

Action                     || total
---------------------------++-------
   Fire: Shortbow          ||    99
    Use: Scroll            ||     8
 Armour: Leather armour    ||    17
  Dodge: Dodged            ||    18

Table legend:
 A = Non-vault XP
 B = Vault XP
 C = Vault XP percentage of total XP
 D = Non-vault monster count
 E = Vault monster count
 F = Vault count percentage of total count
                 A         B        C        D         E       F
            +---------+---------+-------+---------+---------+-------
      Total |      94 |       0 |   0.0 |      42 |       0 |   0.0
            +---------+---------+-------+---------+---------+-------
        D:1 |      44 |       0 |   0.0 |      27 |       0 |   0.0
        D:2 |      50 |       0 |   0.0 |      15 |       0 |   0.0
            +---------+---------+-------+---------+---------+-------
